Map: World of Sleepers LE

Players

DnS - Winner!

  • Race: Protoss Protoss
  • Spawn Location: 1:00

BackupJ

  • Race: Protoss Protoss
  • Spawn Location: 7:00

VOD

Have the link to the VOD?

Description

Time

  • Played on: Sept. 6, 2019, 12:55 p.m.
  • Length: 4:48
Show
View Real Time Build Order
Export as new Build Order

DnS Protoss - Winner!

Build Orders:  

Get SALT Encoding   

  12  0:00  Probe  
  13  0:13  Probe  
  14  0:17  Pylon  
  14  0:24  Probe  
  15  0:32  Probe  
  15  0:37  Gateway  
  15  0:40  Probe  
  16  0:46  Assimilator  
  17  0:51  Probe  
  17  0:55  Assimilator  
  18  1:00  Probe  
  19  1:07  Gateway  
  19  1:09  Probe  
  20  1:19  Probe  
  20  1:24  Cybernetics Core  
  21  1:31  Probe  
  22  1:37  Pylon  
  22  1:43  Probe  
  23  2:00  Robotics Facility  
  23  2:02  Stalker  
  23  2:03  Stalker  
  27  2:11  Warp Gate  
  27  2:18  Pylon  
  27  2:32  Adept  
  27  2:33  Adept  
  31  2:38  Immortal  
  34  2:57  Shield Battery  
  34  3:05  Gateway  
  34  3:08  Warp Prism  
  36  3:26  Pylon  
  36  3:38  Shield Battery  
  36  3:51  Observer  
  37  4:01  Stalker  
  37  4:06  Stalker x3  
  43  4:23  Pylon  
  43  4:24  Observer  
  42  4:33  Stalker x3  
Show
View Real Time Build Order
Export as new Build Order

BackupJ Protoss 

Build Orders:  

Get SALT Encoding   

  12  0:00  Probe  
  13  0:12  Probe  
  14  0:17  Pylon  
  14  0:22  Probe  
  15  0:30  Probe  
  16  0:38  Gateway  
  16  0:39  Probe  
  16  0:45  Assimilator  
  17  0:51  Probe  
  17  0:54  Assimilator  
  18  1:04  Gateway  
  18  1:05  Probe  
  19  1:13  Probe  
  20  1:22  Probe  
  20  1:25  Cybernetics Core  
  20  1:30  Pylon  
  21  1:33  Probe  
  22  1:45  Probe  
  23  1:52  Warp Gate  
  23  1:57  Probe  
  24  2:02  Adept x2  
  24  2:05  Pylon  
  28  2:12  Robotics Facility  
  28  2:24  Probe  
  29  2:32  Stalker  
  29  2:36  Stalker  
  32  2:52  Gateway  
  32  2:53  Shield Battery  
  32  2:54  Warp Prism  
  34  3:14  Stalker  
  34  3:19  Stalker  
  38  3:25  Pylon  
  36  3:44  Pylon  
  35  3:54  Sentry  
  35  3:55  Stalker  
  36  4:02  Pylon  
  36  4:08  Shield Battery  
  30  4:30  Stalker  
Tags
 
Matchup
PvP
Player
DnS
Spawn Locations
Cross Positions
Add a new tag
Caveats
  • Supply blocks, unpowered buildings, or Contaminate may cause inaccurate times.
  • Supply counts are checked every 10 seconds.